Map: Lost and Found LE

Players

MaNa

  • Race: Protoss Protoss
  • Spawn Location: 7:00

uThermal - Winner!

  • Race: Terran Terran
  • Spawn Location: 1:00

Event: WCS Austin 2018

VOD

Have the link to the VOD?

Description

Time

  • Played on: June 1, 2018, 11:13 p.m.
  • Length: 9:28

All games in this series

Show
View Real Time Build Order
Export as new Build Order

MaNa Protoss 

Build Orders: Blink Stalkers 

Get SALT Encoding   

  12  0:00  Probe  
  13  0:12  Probe  
  14  0:17  Pylon  
  14  0:24  Probe  
  15  0:32  Probe  
  15  0:36  Gateway  
  15  0:40  Probe  
  16  0:47  Assimilator  
  17  0:50  Probe  
  18  0:58  Probe  
  19  1:06  Probe  
  20  1:16  Pylon  
  20  1:17  Probe  
  20  1:23  Zealot  
  20  1:24  Cybernetics Core  
  23  1:34  Probe  
  24  1:52  Nexus  
  24  1:54  Stalker  
  24  1:58  Assimilator  
  24  2:08  Probe  
  27  2:11  Warp Gate  
  27  2:20  Probe  
  28  2:24  Stalker  
  30  2:32  Probe  
  30  2:36  Twilight Council  
  31  2:49  Probe  
  31  2:52  Pylon  
  29  3:01  Probe  
  30  3:08  Stalker, Blink  
  30  3:11  Probe  
  30  3:12  Probe  
  32  3:19  Probe  
  34  3:20  Probe  
  36  3:27  Probe  
  36  3:32  Probe  
  37  3:39  Probe  
  37  3:47  Gateway  
  37  3:50  Gateway, Probe  
  37  3:55  Probe  
  39  4:02  Probe  
  40  4:07  Probe  
  41  4:14  Stalker, Probe  
  44  4:19  Probe  
  45  4:24  Robotics Facility  
  45  4:25  Pylon  
  45  4:26  Probe  
  46  4:31  Probe  
  47  4:39  Pylon, Probe  
  47  4:42  Stalker  
  47  4:43  Probe  
  47  4:44  Stalker  
  53  4:48  Stalker  
  56  4:52  Probe  
  56  4:55  Probe  
  56  4:59  Shield Battery  
  57  5:04  Observer  
  57  5:09  Stalker, Shield Battery  
  57  5:10  Stalker  
  57  5:14  Probe x2  
  60  5:18  Stalker  
  59  5:26  Probe x2  
  46  5:38  Probe x2  
  48  5:43  Stalker x3  
  54  5:50  Probe  
  54  5:51  Probe  
  54  6:02  Probe  
  54  6:03  Probe  
  56  6:09  Stalker x2  
  60  6:11  Probe  
  60  6:12  Probe  
  60  6:14  Stalker  
  60  6:15  Pylon  
  64  6:19  Probe  
  64  6:20  Probe  
  66  6:27  Nexus  
  66  6:28  Probe  
  66  6:29  Observer, Probe  
  69  6:35  Assimilator  
  69  6:37  Assimilator  
  69  6:42  Stalker  
  69  6:43  Probe x2  
  69  6:46  Observer  
  73  6:54  Stalker  
  75  6:55  Probe x2  
  75  7:00  Charge  
  76  7:07  Probe x2  
  78  7:12  Pylon  
  78  7:13  Pylon  
  78  7:21  Forge  
  78  7:22  Forge  
  78  7:30  Immortal, Probe x2  
  84  7:39  Probe  
  84  7:42  Probe  
  86  7:46  Stalker x3  
  92  7:53  Gateway  
  92  7:56  Gateway  
  90  8:01  Probe x2  
  90  8:05  Probe  
  93  8:09  Templar Archives  
  93  8:14  Probe x2  
  93  8:18  Immortal  
  95  8:26  Zealot x2  
  95  8:27  Zealot  
  105  8:33  Assimilator  
  105  8:37  Pylon  
  105  8:38  Assimilator  
  105  8:47  Pylon  
  104  8:48  Pylon  
  104  8:49  Probe  
  104  8:56  Probe  
  104  9:02  Zealot x3, Sentry  
  111  9:04  Probe x2  
  110  9:11  Zealot  
  87  9:26  Zealot x4  
Show
View Real Time Build Order
Export as new Build Order

uThermal Terran - Winner!

Build Orders: Gas First Reaper Expand, Reaper Expand, MMM Bio, Banshee Rush 

Get SALT Encoding   

  12  0:01  SCV  
  13  0:13  SCV  
  14  0:17  Supply Depot  
  14  0:25  SCV  
  14  0:27  Refinery  
  15  0:38  SCV  
  16  0:44  Barracks  
  16  0:50  SCV  
  17  1:03  SCV  
  18  1:15  SCV  
  19  1:31  Orbital Command, Reaper  
  20  1:43  Command Center  
  20  1:57  SCV  
  20  1:59  Factory  
  21  2:05  Barracks Reactor  
  21  2:09  SCV  
  21  2:13  Supply Depot  
  22  2:20  Refinery  
  22  2:21  SCV  
  23  2:34  SCV  
  24  2:43  Marine x2  
  26  2:45  Starport  
  26  2:46  SCV  
  26  2:51  Widow Mine  
  29  2:59  Orbital Command  
  29  3:01  Marine x2  
  29  3:04  SCV  
  31  3:16  SCV  
  31  3:18  Marine x2  
  34  3:22  Starport Tech Lab  
  34  3:28  SCV  
  34  3:29  SCV  
  35  3:36  Marine  
  35  3:38  Factory Tech Lab  
  35  3:40  SCV  
  35  3:41  Cloaking Field  
  35  3:45  Banshee  
  35  3:48  SCV  
  38  3:51  Marine  
  38  3:53  SCV  
  38  3:54  Marine  
  41  4:01  Bunker  
  41  4:03  SCV  
  41  4:04  Supply Depot  
  41  4:05  SCV  
  41  4:09  Siege Tank  
  46  4:16  SCV  
  46  4:18  Engineering Bay  
  46  4:25  Marine x2  
  46  4:27  Supply Depot  
  46  4:28  Banshee  
  46  4:29  SCV  
  46  4:31  SCV  
  53  4:41  Supply Depot, SCV  
  54  4:48  Marine x2  
  54  4:49  Siege Tank, Missile Turret  
  59  4:53  SCV  
  59  4:54  Supply Depot  
  59  4:56  SCV  
  61  5:05  SCV  
  61  5:06  Marine x2  
  64  5:08  SCV  
  64  5:13  Banshee  
  68  5:17  SCV  
  68  5:20  SCV  
  70  5:23  Supply Depot  
  70  5:24  Marine  
  70  5:27  Marine  
  71  5:29  SCV  
  71  5:33  SCV  
  67  5:40  Siege Tank  
  67  5:42  Marine, Command Center  
  71  5:46  Refinery  
  71  5:47  Refinery  
  71  5:48  SCV  
  73  5:50  SCV  
  74  6:00  SCV  
  74  6:02  SCV  
  72  6:05  Barracks  
  72  6:07  Barracks  
  72  6:09  Starport Tech Lab  
  72  6:11  Marine  
  73  6:12  SCV, Siege Tank  
  73  6:13  Stimpack  
  73  6:14  SCV  
  78  6:23  Supply Depot  
  78  6:24  SCV  
  79  6:26  Missile Turret  
  79  6:29  Terran Infantry Weapons Level 1  
  79  6:30  Marine  
  80  6:34  Supply Depot  
  80  6:36  SCV  
  80  6:46  Starport Reactor  
  80  6:47  SCV  
  80  6:50  Marauder, Barracks  
  80  6:51  SCV  
  80  6:52  Barracks  
  80  6:53  Factory Reactor  
  82  6:55  Marine x2  
  82  6:58  Orbital Command  
  82  7:00  SCV  
  87  7:01  Marauder  
  87  7:06  Combat Shields  
  87  7:11  Marine  
  87  7:12  Marine  
  89  7:15  Marine  
  89  7:22  Orbital Command  
  92  7:23  Marauder  
  92  7:29  Medivac, Marine  
  64  7:30  Medivac, Marine  
  95  7:31  Widow Mine x2  
  102  7:38  Orbital Command, SCV x2  
  102  7:40  Marauder, Marine  
  102  7:43  Barracks Reactor  
  103  7:50  SCV x2  
  105  7:51  Marine x2  
  105  7:52  Marauder  
  105  7:53  Widow Mine x2  
  112  8:02  Marauder, Medivac, SCV  
  112  8:04  Supply Depot  
  117  8:05  Supply Depot  
  117  8:10  Medivac, Supply Depot x2, SCV  
  117  8:11  Marine  
  117  8:12  Marauder, Marine  
  124  8:16  Concussive Shells, Supply Depot  
  124  8:19  Marine, Supply Depot  
  124  8:26  Marauder, Widow Mine x2, Marine  
  132  8:27  Marauder  
  132  8:30  Marine  
  132  8:32  Medivac  
  132  8:34  Marauder  
  138  8:37  Supply Depot  
  138  8:39  Marine  
  138  8:40  Supply Depot  
  139  8:42  Armory  
  139  8:43  Marine  
  139  8:44  Engineering Bay  
  139  8:47  Marauder, Marine  
  143  8:49  Marauder  
  143  8:54  Refinery, SCV x2  
  144  8:57  Medivac  
  146  9:03  SCV  
  147  9:15  Supply Depot  
  147  9:16  Supply Depot  
Tags
 
Add a new tag
Caveats
  • Supply blocks, unpowered buildings, or Contaminate may cause inaccurate times.
  • Supply counts are checked every 10 seconds.